AoeStats
← Elmatigol

Arena

510648880Analyzed
3v3 RM · 9h ago on Oct 2, 2026· 39m 39s· 6 players
Game mode
Random Map
Map size
Normal (6 player)
Population
200
Speed
Normal
Resources
Standard
Victory
Conquest
Starting age
Dark Age
Ending age
Imperial Age
RankedLock teamsTeams togetherTeam positionsShared explorationLock speedFull tech treeHidden civsTurbo modeCheats
Victory
Defeat
🇺🇾 Lithuanians · Uruguay
965
+12
🇺🇾 Vietnamese · Uruguay
949
+13
🇺🇾 Goths · Uruguay
917
+15
🇺🇸 Japanese · United States
897
-14
🇺🇦 Lithuanians · Ukraine
876
-13
🇬🇧 Khmer · United Kingdom
865
-13
WAMCHI
11:02 Feudal Age
11:36 Double-Bit Axe
13:51 Horse Collar
16:13 Castle Age
17:36 Bow Saw
23:26 Heavy Plow
25:31 Wheelbarrow
24:42 Town Watch
29:40 Imperial Age
27:52 Hand Cart
28:08 Caravan
30:07 Squires
29:53 Gambesons
29:29 Pikeman
31:47 Two-Man Saw
34:09 Thumb Ring
34:31 Parthian Tactics
34:20 Bloodlines
34:13 Husbandry
34:50 Forging
34:41 Scale Mail Armor
34:35 Fletching
35:13 Ballistics
35:05 Fortified Wall
35:07 Masonry
35:48 Heavy Cavalry Archer
36:00 Elite Skirmisher
38:55 Bodkin Arrow
Matkins
6:25 Loom
9:21 Feudal Age
9:58 Double-Bit Axe
9:55 Horse Collar
20:30 Castle Age
19:17 Scale Barding Armor
20:15 Fletching
22:13 Bodkin Arrow
21:43 Crossbowman
27:55 Padded Archer Armor
31:27 Wheelbarrow
30:40 Town Watch
31:15 Gold Mining
31:17 Stone Mining
32:04 Caravan
33:14 Ballistics
34:04 Fortified Wall
37:05 Imperial Age
35:07 Murder Holes
35:41 Leather Archer Armor
35:37 Forging
36:16 Bow Saw
37:12 Masonry
38:04 Hand Cart
37:34 Arbalester
39:46 Ring Archer Armor
39:17 Bracer
39:40 Chain Barding Armor
carbondioxide
9:19 Loom
11:37 Feudal Age
13:52 Town Watch
16:27 Castle Age
15:11 Double-Bit Axe
15:09 Horse Collar
15:25 Gold Mining
17:53 Forging
18:37 Bow Saw
18:31 Heavy Plow
18:59 Fervor
19:55 Stone Mining
22:21 Scale Barding Armor
22:50 Bloodlines
26:19 Chain Barding Armor
27:45 Fletching
29:03 Fortified Wall
30:41 Bodkin Arrow
33:11 Masonry
33:42 Wheelbarrow
32:52 Town Watch
38:41 Stone Shaft Mining
Wolf
12:11 Feudal Age
15:45 Castle Age
14:01 Double-Bit Axe
15:20 Town Watch
15:23 Horse Collar
24:17 Pikeman
30:20 Forging
33:22 Imperial Age
31:02 Scale Mail Armor
30:26 Man-at-Arms
31:54 Squires
31:15 Long Swordsman
32:13 Chain Mail Armor
32:22 Heavy Plow
32:21 Gold Mining
32:42 Anarchy
33:30 Wheelbarrow
33:19 Loom
34:09 Perfusion
34:30 Conscription
34:34 Bow Saw
34:28 Halberdier
34:29 Two-Handed Swordsman
35:47 Iron Casting
36:32 Stone Mining
39:59 Blast Furnace
39:27 Champion
Pietroski
10:39 Feudal Age
8:55 Loom
11:16 Double-Bit Axe
11:13 Horse Collar
11:28 Town Watch
19:47 Castle Age
17:49 Stone Mining
18:53 Gold Mining
20:39 Wheelbarrow
23:24 Pikeman
30:29 Imperial Age
28:13 Fletching
28:24 Padded Archer Armor
28:48 Ballistics
29:16 Bow Saw
29:08 Heavy Plow
29:50 Hand Cart
30:14 Bodkin Arrow
30:34 Leather Archer Armor
32:23 Chemistry
31:28 Bracer
33:33 Ring Archer Armor
34:05 Elite Rattan Archer
35:11 Halberdier
Elmatigol
10:18 Feudal Age
13:54 Castle Age
12:13 Double-Bit Axe
15:12 Loom
19:54 Gold Mining
20:17 Bow Saw
22:53 Scale Barding Armor
25:23 Wheelbarrow
26:31 Horse Collar
28:31 Bloodlines
32:46 Imperial Age
32:03 Chain Barding Armor
31:43 Scale Mail Armor
31:57 Forging
32:36 Husbandry
32:59 Heavy Plow
33:08 Town Watch
32:54 Cavalier
34:11 Plate Barding Armor
37:25 Iron Casting
37:17 Conscription
Connection lost

Rejoining the realm…

Still unreachable

The connection could not be restored.

Session expired

The server has moved on; the page needs a fresh start.